 Dungeon Crawl Stone Soup version 0.22.1-1-ga44c0e5 (webtiles) character file.

43172 Larett the Fighter (level 13, 0/125 HPs)
             Began as a Minotaur Berserker on Sept 26, 2018.
             Was a High Priest of Trog.
             Slain by a death yak (17 damage)
             ... on level 6 of the Lair of Beasts on Sept 27, 2018.
             The game lasted 01:02:09 (21699 turns).

Larett the Fighter (Minotaur Berserker)            Turns: 21699, Time: 01:02:10

Health: 0/125      AC: 12    Str: 23    XL:     13   Next: 89%
Magic:  12/12      EV: 17    Int:  4    God:    Trog [*****.]
Gold:   1141       SH:  0    Dex: 14    Spells: 12/12 levels left

rFire    . . .     SeeInvis .   a - +0 broad axe
rCold    . . .     Gourm    .   (no shield)
rNeg     + . .     Faith    .   r - +2 ring mail {rN+}
rPois    .         Spirit   .   (helmet restricted)
rElec    .         Reflect  .   k - +0 cloak
rCorr    .         Harm     .   v - +0 pair of gloves
MR       .....                  h - +1 pair of boots
Stlth    +.........             (no amulet)
HPRegen  0.30/turn              (no ring)
MPRegen  0.13/turn              (no ring)

@: very slightly contaminated
A: retaliatory headbutt, horns 2, deformed body, sturdy frame 1
a: Berserk, Trog's Hand, Brothers in Arms, Renounce Religion


You were on level 6 of the Lair of Beasts.
You worshipped Trog.
Trog was extremely pleased with you.
You were near starving.

You visited 4 branches of the dungeon, and saw 19 of its levels.
You also visited: Labyrinth, Sewer and Ossuary.

You collected 1185 gold pieces.
You spent 44 gold pieces at shops.

Inventory:

Hand Weapons
 a - a +0 broad axe (weapon)
 b - the +7 shortbow "Oppy" {speed, -Tele rPois Int+3}
   (You took it off a minotaur in a labyrinth)

   Attacks with this weapon are significantly faster.
   It affects your intelligence (+3).
   It protects you from poison.
   It prevents most forms of teleportation.
 t - a +0 falchion of electrocution
 u - a +3 shortbow of flaming
Missiles
 j - 22 tomahawks
 A - 6 tomahawks of dispersal {!f}
 C - 11 javelins of penetration (quivered)
 U - 87 arrows
 Z - 4 throwing nets {!f}
Armour
 h - a +1 pair of boots (worn)
 k - a +0 cloak (worn)
 r - a +2 ring mail of positive energy (worn)
 v - a +0 pair of gloves (worn)
 y - a +1 robe of cold resistance
Jewellery
 e - an uncursed ring of ice
 s - an uncursed ring of fire
Wands
 l - a wand of random effects (64)
 w - a wand of polymorph (26)
 D - a wand of digging (11)
 E - a wand of enslavement (13)
 I - a wand of iceblast (10)
 J - a wand of flame (59)
 L - a wand of disintegration (15)
 O - a wand of clouds (1)
 P - a wand of paralysis (12)
Scrolls
 d - a scroll of enchant weapon
 m - 2 scrolls of fog
 o - 3 scrolls of noise {!r}
 p - a scroll of acquirement
 B - a scroll of blinking
 F - a scroll of holy word
 H - 3 scrolls of enchant armour
 K - a scroll of fear
 M - a scroll of magic mapping {!r}
 R - 11 scrolls of identify
 T - a scroll of teleportation
 W - 7 scrolls of remove curse
Potions
 f - 8 potions of brilliance
 g - 5 potions of flight
 i - 2 potions of magic
 n - a potion of berserk rage
 x - 4 potions of heal wounds
 z - 3 potions of agility
 G - a potion of cancellation
 N - 2 potions of lignification {!q}
 Q - 11 potions of curing
 S - a potion of ambrosia
 V - 2 potions of might
 X - 3 potions of mutation {!q!q}
 Y - 2 potions of resistance
Comestibles
 c - 30 rations
 q - 3 chunks of flesh


   Skills:
 - Level 14.7 Fighting
 * Level 12.6 Axes
 - Level 14.0 Bows
 + Level 11.0 Armour
 + Level 10.1 Dodging


You had 12 spell levels left.
You didn't know any spells.
Your spell library contained the following spells:

 Spells                   Type           Power        Failure   Level  Hunger
 Animate Skeleton         Necr           N/A          56%         1    ##.....
 Flame Tongue             Conj/Fire      #....        56%         1    ##.....
 Freeze                   Ice            #...         56%         1    ##.....
 Pain                     Necr           #...         56%         1    ##.....
 Sandblast                Erth           #.....       56%         1    ##.....
 Passwall                 Tmut/Erth      #.......     71%         2    ###....
 Throw Frost              Conj/Ice       #.....       71%         2    ###....
 Ozocubu's Armour         Chrm/Ice       #.......     90%         3    ####...
 Regeneration             Chrm/Necr      #.........   90%         3    ####...
 Stone Arrow              Conj/Erth      #.....       90%         3    ####...
 Vampiric Draining        Necr           #.........   90%         3    ####...
 Animate Dead             Necr           N/A          100%        4    #####..
 Cause Fear               Hex            #.........   100%        4    #####..
 Petrify                  Tmut/Erth      #.......     100%        4    #####..
 Summon Ice Beast         Ice/Summ       #.......     100%        4    #####..
 Throw Icicle             Conj/Ice       #.......     100%        4    #####..
 Bolt of Magma            Conj/Fire/Erth #.........   100%        5    ######.
 Lee's Rapid Deconstruct  Erth           #.........   100%        5    ######.
 Bolt of Fire             Conj/Fire      #.........   100%        6    #######
 Iron Shot                Conj/Erth      #.........   100%        6    #######
 Dragon Form              Tmut           #.........   100%        7    #######
 Dragon's Call            Summ           #.........   100%        9    #######


Dungeon Overview and Level Annotations

Branches:
Dungeon (11/15)            Temple (0/1) D:6            Lair (5/6) D:10
  Swamp (1/4) Lair:2       Spider (1/4) Lair:2
  Slime: Lair:5-6       Orc: D:9-12

Altars:
Cheibriados
Dithmenos
Elyvilon
Nemelex Xobeh
Qazlal
Ru
Yredelemnul

Shops:
D:9 (

Annotations:
D:5 1 runed door, gangsines's ghost, novice SpHu
Lair:2 3 runed doors, rycerub's ghost, novice TrFi


Innate Abilities, Weirdness & Mutations

You reflexively headbutt those who attack you in melee.
You have a pair of horns on your head.
Armour fits poorly on your strangely shaped body.
Your movements are slightly less encumbered by armour. (ER -2)


Message History

A death yak comes into view.
The death yak bellows!
You hear a bellow!
You hear an angry hiss. x2
You hear a croak.
A death yak comes into view. x2; An iguana comes into view.
You hear an angry hiss.
The death yak bellows!
You hear a loud, deep croak!
You feel yourself speed up. The death yak closely misses you.
A blink frog comes into view.
Found a potion of brilliance.
A blink frog comes into view.
The blink frog croaks.
A blink frog comes into view.
The blink frog blinks!
You recover from your berserk rage.
The blink frog blinks!
Found a scroll of identify.
The blink frog blinks!
The death yak gores you!
You die...

................##
....P............#
#.....YY.F.......#
#.....F..........#
#.....YY.l..P....#
#.......Y.......#
#........F.....##
#.....YY....P...#
#....@..P...##.##
#..P....PP.## ##
#..PP....#.#
#..?P#..####
##..##.## ##. ###
##


You could see 7 death yaks, 3 blink frogs and an iguana.

Vanquished Creatures
  Kirke (Lair:6)
  The ghost of Pecibam the Arsonist, a journeyman DrFE of Okawaru (Lair:3)
  A minotaur (Lab)
  Snorg (Lair:4)
  Erolcha (D:9)
  Josephine (Lair:4)
  Fannar (D:10)
  Harold (D:8)
  5 hydras
  A two-headed ogre (D:11)
  An oklob plant (Lair:2)
  7 elephants
  A black mamba (Lair:2)
  A gargoyle (D:10)
  10 spiny frogs
  A torpor snail (Lair:1)
  Psyche (D:9)
  A rime drake (Lair:1)
  7 komodo dragons
  2 trolls
  A hornet (Lair:2)
  A jumping spider (Spider:1)
  3 polar bears (Lair:2)
  18 blink frogs
  2 bog bodies (Lair:2)
  7 hippogriffs
  A vampire (D:11)
  3 wraiths (Lair:4)
  2 wyverns
  2 fire bats (D:4)
  3 hogs (Lair:6)
  31 yaks
  Grum (D:8)
  A hungry ghost (D:7)
  3 basilisks
  Menkaure (D:6)
  2 swamp worms (Lair:2)
  6 porcupines
  11 water moccasins
  2 orc warriors
  4 sky beasts
  A black bear (D:7)
  A hornet zombie (D:11)
  2 eyes of draining
  10 ogres
  2 phantoms
  An ice beast (D:7)
  A necrophage (D:8)
  7 centaurs
  6 crocodiles
  4 wolves (D:8)
  2 big kobolds
  10 bullfrogs
  A gnoll sergeant (D:8)
  2 wyvern zombies
  4 scorpions
  13 killer bees
  5 wights (D:11)
  2 electric eels (Lair:2)
  6 howler monkeys
  11 crimson imps
  3 centaur zombies
  A quasit (D:8)
  8 jellies
  2 centaur skeletons
  4 hounds
  3 orc wizards
  5 orc priests
  7 bullfrog skeletons
  Natasha (thrice) (D:4)
  An iguana (D:8)
  6 worker ants
  A big kobold zombie (Ossuary)
  A hound zombie (D:8)
  2 hound skeletons
  9 mummies
  Robin (D:4)
  A howler monkey zombie (D:7)
  2 worker ant zombies
  12 gnolls
  15 adders
  2 river rats (D:6)
  3 shadow imps
  8 oozes
  An adder zombie (D:7)
  2 adder skeletons
  4 worms
  2 dart slugs
  5 leopard geckos
  24 orcs
  4 ball pythons
  10 bats
  13 giant cockroaches
  2 gnoll zombies (Ossuary)
  13 goblins
  11 hobgoblins
  14 jackals
  29 kobolds
  3 quokkas
  6 frilled lizards
  2 hobgoblin zombies (Ossuary)
  A jackal zombie (D:6)
  3 orc zombies (Ossuary)
  A quokka skeleton (D:8)
  A quokka zombie (D:5)
  12 rats
  3 fungi (Lair:2)
  2 plants
510 creatures vanquished.

Vanquished Creatures (others)
  A human (Lair:6)
  A crimson imp (D:6)
  A jackal (D:6)
  2 fungi
  A plant (Lair:5)
6 creatures vanquished.

Grand Total: 516 creatures vanquished

Notes
Turn   | Place    | Note
-------+----------+-------------------------------------------
     0 | D:1      | Larett the Minotaur Berserker began the quest for the Orb.
     0 | D:1      | Reached XP level 1. HP: 19/19 MP: 0/0
   210 | D:1      | Reached XP level 2. HP: 27/27 MP: 1/1
   985 | D:2      | Reached XP level 3. HP: 34/34 MP: 2/2
  1006 | D:2      | Found a basalt altar of Yredelemnul.
  1008 | D:2      | Found a sparkling altar of Nemelex Xobeh.
  1309 | D:2      | Reached ** piety under Trog
  1309 | D:2      | Reached XP level 4. HP: 42/42 MP: 3/3
  1926 | D:3      | Noticed a centaur
  1939 | D:3      | Killed a centaur
  1939 | D:3      | Reached skill level 6 in Fighting
  1939 | D:3      | Reached XP level 5. HP: 50/51 MP: 4/4
  2793 | D:4      | Reached *** piety under Trog
  2875 | D:4      | Reached XP level 6. HP: 53/60 MP: 5/5
  2949 | D:4      | Noticed Natasha
  2960 | D:4      | Killed Natasha
  3148 | D:4      | Reached skill level 6 in Axes
  3211 | D:4      | Noticed Natasha
  3215 | D:4      | Killed Natasha
  3249 | D:4      | Noticed Robin
  3256 | D:4      | Killed Robin
  3272 | D:4      | Noticed Natasha
  3282 | D:4      | Killed Natasha
  3288 | D:4      | Reached XP level 7. HP: 61/68 MP: 6/6
  3356 | D:4      | Found a transporter.
  3360 | D:4      | Noticed a fire bat
  3360 | D:4      | Noticed a fire bat
  3445 | D:4      | Reached **** piety under Trog
  3585 | D:4      | Found a snail-covered altar of Cheibriados.
  3598 | D:4      | Found a transporter.
  3615 | D:4      | Killed a fire bat
  3615 | D:4      | Reached skill level 9 in Fighting
  3616 | D:4      | Killed a fire bat
  4071 | D:5      | Entered Level 5 of the Dungeon
  4098 | D:5      | Reached XP level 8. HP: 76/79 MP: 7/7
  4117 | D:5      | Found a runed door.
  4121 | D:5      | Noticed gangsines's ghost (novice SpHu)
  5368 | D:6      | Found a sand-covered staircase.
  5380 | Ossuary  | Entered an ossuary
  5769 | D:6      | Found a staircase to the Ecumenical Temple.
  6020 | D:6      | Found a glowing drain.
  6049 | Sewer    | Entered a sewer
  6117 | Sewer    | Reached ***** piety under Trog
  6143 | Sewer    | Received a gift from Trog
  6170 | Sewer    | Gained mutation: Armour fits poorly on your strangely
                  | shaped body. [potion of mutation]
  6170 | Sewer    | Gained mutation: Your movements are slightly less
                  | encumbered by armour. (ER -2) [potion of mutation]
  6504 | D:6      | Reached skill level 9 in Axes
  6504 | D:6      | Reached XP level 9. HP: 62/90 MP: 8/8
  6756 | D:6      | Received a gift from Trog
  6826 | D:6      | Found a stormy altar of Qazlal.
  6840 | D:6      | Noticed Menkaure
  6843 | D:6      | Killed Menkaure
  6843 | D:6      | Reached skill level 12 in Fighting
  7448 | D:7      | Reached skill level 1 in Bows
  7692 | D:7      | Found a sacrificial altar of Ru.
  7692 | D:7      | Found a stormy altar of Qazlal.
  7696 | D:7      | Found a white marble altar of Elyvilon.
  8003 | D:7      | Reached skill level 3 in Bows
  8343 | D:8      | Noticed Harold
  8357 | D:8      | Killed Harold
  8357 | D:8      | Reached XP level 10. HP: 45/102 MP: 9/9
  9305 | D:8      | Noticed Grum
  9313 | D:8      | Killed Grum
  9650 | D:8      | Found a shadowy altar of Dithmenos.
 10211 | D:9      | Noticed Erolcha
 10218 | D:9      | Killed Erolcha
 10693 | D:9      | Noticed Psyche
 10700 | D:9      | Killed Psyche
 10700 | D:9      | Reached XP level 11. HP: 105/111 MP: 10/10
 10744 | D:9      | Found Neqoc's Weapon Shoppe.
 10754 | D:9      | Bought a +0 broad axe for 44 gold pieces
 10801 | D:9      | Received a gift from Trog
 11131 | D:10     | Entered Level 10 of the Dungeon
 11174 | D:10     | Found a staircase to the Lair.
 11339 | D:10     | Noticed Fannar
 11354 | D:10     | HP: 12/111 [ice beast[Fannar] (10)]
 11988 | D:10     | Reached skill level 9 in Bows
 12155 | D:10     | Killed Fannar
 12950 | D:11     | Received a gift from Trog
 14074 | D:11     | Noticed a two-headed ogre
 14076 | D:11     | Killed a two-headed ogre
 14229 | D:11     | Noticed an eight-headed hydra
 14237 | D:11     | Killed an eight-headed hydra
 14237 | D:11     | Reached skill level 12 in Bows
 14454 | Lair:1   | Entered Level 1 of the Lair of Beasts
 14662 | Lair:1   | Found a labyrinth entrance.
 14698 | Lab      | Entered a labyrinth
 14780 | Lab      | Noticed a minotaur
 14786 | Lab      | HP: 14/111 [minotaur/javelin of penetration (33)]
 14798 | Lab      | Killed a minotaur
 14808 | Lab      | Got a crystal shortbow
 14809 | Lab      | Identified the +7 shortbow "Oppy" {speed, -Tele rPois
                  | Int+3} (You took it off a minotaur in a labyrinth)
 14872 | Lair:1   | Reached XP level 12. HP: 118/118 MP: 11/11
 14886 | Lair:1   | Noticed a six-headed hydra
 14906 | Lair:1   | Killed a six-headed hydra
 14906 | Lair:1   | Received a gift from Trog
 15173 | Lair:1   | Reached skill level 3 in Armour
 15182 | Lair:1   | Reached skill level 3 in Dodging
 16084 | Lair:2   | Reached skill level 6 in Armour
 16352 | Lair:2   | Reached skill level 6 in Dodging
 16450 | Lair:2   | Found a hole to the Spider Nest.
 16514 | Spider:1 | Entered Level 1 of the Spider Nest
 16602 | Lair:2   | Found a runed gate.
 16602 | Lair:2   | Found a runed gate.
 16602 | Lair:2   | Found a runed gate.
 16602 | Lair:2   | Noticed rycerub's ghost (novice TrFi)
 16722 | Lair:2   | Received a gift from Trog
 16922 | Lair:2   | Found a staircase to the Swamp.
 16950 | Swamp:1  | Entered Level 1 of the Swamp
 17496 | Lair:3   | Reached XP level 13. HP: 118/125 MP: 12/12
 17842 | Lair:3   | Reached skill level 9 in Armour
 18013 | Lair:3   | Found a large runed door.
 18014 | Lair:3   | Found a large runed door.
 18016 | Lair:3   | Noticed Pecibam's ghost (journeyman DrFE)
 18048 | Lair:3   | Killed Pecibam's ghost
 18064 | Lair:3   | Identified the Volume of Earth
 18856 | Lair:4   | Reached skill level 9 in Dodging
 18864 | Lair:4   | Noticed Josephine
 18871 | Lair:4   | Killed Josephine
 19039 | Lair:4   | Noticed Snorg
 19055 | Lair:4   | Killed Snorg
 19778 | Lair:4   | Identified a scroll of acquirement
 19791 | Lair:4   | Reached skill level 12 in Axes
 21103 | Lair:5   | Got a polished trident
 21104 | Lair:5   | Identified the +3 trident "Noerphet" {freeze, *Rage Fragile
                  | rN+++ MR+} (You found it on level 5 of the Lair of Beasts)
 21648 | Lair:5   | You fall through a shaft!
 21648 | Lair:6   | Entered Level 6 of the Lair of Beasts
 21648 | Lair:6   | Noticed Kirke
 21664 | Lair:6   | Killed Kirke
 21677 | Lair:6   | HP: 10/125 [seven-headed hydra (12)]
 21678 | Lair:6   | HP: 4/125 [hippogriff (5)]
 21699 | Lair:6   | Slain by a death yak

Skill      XL: |  1  2  3  4  5  6  7  8  9 10 11 12 13 |
---------------+----------------------------------------+-----
Fighting       | 4 5 6 7 8 9 11 13 14 | 14.7
Axes           | 4 5 6 7 9 10 11 12 | 12.6
Bows           | 3 7 13 14 | 14.0
Armour         | 8 11 | 11.0
Dodging        | 7 10 | 10.1

Action                   |  1- 3 |  4- 6 |  7- 9 | 10-12 | 13-15 || total
-------------------------+-------+-------+-------+-------+-------++-------
Melee: Hand axe          |    81 |   123 |       |       |       ||   204
       Headbutt          |    13 |    23 |    53 |    16 |    33 ||   138
       War axe           |       |    26 |   264 |    30 |       ||   320
       Broad axe         |       |       |       |    36 |   116 ||   152
 Fire: Shortbow          |       |    14 |    68 |   395 |   261 ||   738
       Longbow           |       |       |    44 |   307 |       ||   351
Invok: Trog's Hand       |       |       |     2 |     2 |     1 ||     5
       Berserk           |       |       |     1 |       |     1 ||     2
  Use: Scroll            |     4 |     5 |     7 |    15 |     7 ||    38
       Potion            |       |       |     4 |     7 |     2 ||    13
  Eat: Chunk             |     1 |     6 |    14 |    23 |     9 ||    53
       Ration            |       |       |     1 |     2 |     1 ||     4
Armor: Animal skin       |     4 |       |       |       |       ||     4
       Plate armour      |    54 |   104 |    33 |       |       ||   191
       Leather armour    |       |       |    90 |    61 |       ||   151
       Ring mail         |       |       |       |       |    66 ||    66
Dodge: Dodged            |    28 |    55 |   183 |   124 |   170 ||   560
